 Dungeon Crawl Stone Soup version bcrawl-1.13.1 (webtiles) character file.

Game seed: 8885226418463914729

7468 Revguard the Basher (level 11, -1/138 HPs)
             Began as a Sand Dwarf Venom Mage on Aug 6, 2019.
             Was a Believer of Okawaru.
             Slain by a freezing wraith (15 damage)
             ... on level 9 of the Dungeon.
             The game lasted 00:38:28 (8872 turns).

Revguard the Basher (Sand Dwarf Venom Mage)         Turns: 8872, Time: 00:38:29

Health: -1/138     AC: 12    Str: 19    XL:     11   Next: 15%
Magic:  16/18      EV: 19    Int: 16    God:    Okawaru [**....]
Gold:   573        SH:  0    Dex: 13    Spells: 2/20 levels left

rFire    + . .     SeeInvis .   e - +0 flail
rCold    x . .     Gourm    .   (shield restricted)
rNeg     . . .     Faith    .   p - +3 troll leather armour
rPois    .         Spirit   .   l - +0 helmet
rElec    .         Reflect  .   B - +0 cloak
rCorr    .         Harm     .   (no gloves)
MR       ++...                  (no boots)
Stlth    ..........             a - amulet of regeneration
HPRegen  1.13/turn              q - ring of protection from magic
MPRegen  0.16/turn              r - ring of fire

@: berserking, heroism, slowed, slow
A: small, slowness 1, armour attunement
a: Heroism, Renounce Religion


You were on level 9 of the Dungeon.
You worshipped Okawaru.
Okawaru was pleased with you.
You were not hungry.

You visited 2 branches of the dungeon, and saw 10 of its levels.

You collected 573 gold pieces.

Inventory:

Hand Weapons
 d - a +0 mace
 e - a +0 flail (weapon)
Armour
 l - a +0 helmet (worn)
 p - a +3 troll leather armour (worn)
 B - a +0 cloak (worn)
Jewellery
 a - an amulet of regeneration (around neck)
 q - a ring of protection from magic (left hand)
 r - a ring of fire (right hand)
 z - a +2 ring of dexterity {unknown}
Wands
 m - a wand of acid (1)
 o - a wand of polymorph (4)
 t - a wand of flame (10)
 w - a wand of random effects (16)
 x - a wand of digging (4)
Scrolls
 b - 3 scrolls of immolation
 c - 3 scrolls of teleportation
 g - a scroll of fear {unknown}
 h - a scroll of identify
 k - 8 scrolls of remove curse
 n - 2 scrolls of magic mapping
 y - a scroll of fog
 A - a scroll of blinking {unknown}
Potions
 i - a potion of flight
 j - 2 potions of haste
 s - 2 potions of curing
 u - a potion of brilliance
 v - 3 potions of berserk rage
Comestibles
 f - 15 rations {!d}


   Skills:
 * Level 7.2(12.2) Fighting
 * Level 10.3(15.3) Maces & Flails
 * Level 7.7(12.7) Armour
 + Level 3.0(8.0) Dodging
 - Level 1.5(6.5) Stealth
 + Level 5.0 Spellcasting
 + Level 0.7 Conjurations
 + Level 1.3 Transmutations
 * Level 5.7 Fire Magic
 + Level 3.1 Air Magic
 * Level 6.9 Poison Magic
 * Level 7.0 Evocations


You had 2 spell levels left.
You knew the following spells:

 Your Spells              Type           Power        Failure   Level  Hunger
a - Sting                 Conj/Pois      ###.         3%          1    None
b - Poisonous Vapours     Pois/Air       ###...       3%          2    #......
c - Ignite Poison         Fire/Tmut/Pois ####....     7%          3    ###....
d - Olgreb's Toxic Radia  Pois           ####....     9%          4    ####...
e - Venom Bolt            Conj/Pois      ###.......   65%         5    ######.
f - Inner Flame           Hex/Fire       N/A          14%         3    ###....

Your spell library contained the following spells:

 Spells                   Type           Power        Failure   Level  Hunger
 Beastly Appendage        Tmut           #.....       9%          1    None
 Magic Dart               Conj           #...         11%         1    None
 Sticks to Snakes         Tmut           #.......     13%         2    #......
 Corona                   Hex            #......      16%         1    None
 Searing Ray              Conj           #.....       17%         2    #......
 Shackle                  Hex            #.......     22%         2    #......
 Spider Form              Tmut/Pois      ###          9%          3    ###....
 Iskenderun's Mystic Bla  Conj           #.......     32%         3    ###....
 Summon Scorpions         Summ/Pois      ###.....     36%         4    ####...
 False Image              Hex/Summ       #.......     41%         3    ###....
 Ice Form                 Ice/Tmut       #.......     75%         4    ####...
 Yara's Violent Unravell  Hex/Tmut       #.........   75%         4    ####...
 Fulminant Prism          Conj/Hex       #.........   78%         4    ####...
 Cause Fear               Hex            #.........   83%         4    ####...
 Blade Hands              Tmut           #.........   94%         5    ######.
 Irradiate                Conj/Tmut      #.........   95%         5    ######.


Dungeon Overview and Level Annotations

Branches:
Dungeon (9/12)             Temple (1/1) D:7            Lair (0/6) D:8
    Orc: D:8-11

Altars:
Ashenzari
Cheibriados
Dithmenos
Elyvilon
Fedhas
Hepliaklqana
Lugonu
Makhleb
Nemelex Xobeh
Okawaru
Qazlal
Ru
Sif Muna
Trog
Uskayaw
Vehumet
Wu Jian
Xom
Yredelemnul
Zin
The Shining One

Shops:
D:4 =[%*   D:6 [   D:7 [   D:8 !


Innate Abilities, Weirdness & Mutations

You are small and have problems with some larger weapons.
You cover ground slowly.
Armour does not affect your spellcasting.


Message History

The freezing wraith misses you.
The freezing wraith completely misses you.
A red film seems to cover your vision as you go berserk!
You feel yourself moving faster!
You feel mighty! The freezing wraith hits you!
The freezing wraith freezes you!!
You feel a terrible chill!
* * * LOW HITPOINT WARNING * * *
The freezing wraith hits you.
* * * LOW HITPOINT WARNING * * *
The freezing wraith drains your vigour!
You feel as though you will be slow longer.
The freezing wraith hits you but does no damage.
The freezing wraith completely misses you.
You hit the freezing wraith.
The freezing wraith is lightly damaged.
You thump the freezing wraith!
The freezing wraith is moderately damaged.
The freezing wraith hits you!
* * * LOW HITPOINT WARNING * * *
The freezing wraith freezes you!
You feel a terrible chill!
You die...

#..#........#.....
#..##########
#.........
#.#####... ##.# ..
#..# .# #..# .#
#..#####.#
#...@W...#
#.#####..# #####.#
#..# #.....# #..#
#.....# #..#
####### #..+ #.?#
#... #...


You could see a freezing wraith.

Vanquished Creatures
  Harold (D:9)
  A wolf spider zombie (D:9)
  2 centaur skeletons
  4 trolls
  A hornet (D:9)
  3 hippogriffs (D:8)
  A hungry ghost (D:8)
  Menkaure (D:6)
  Duvessa (D:4)
  A water moccasin (D:5)
  A phantom (D:6)
  An orc warrior (D:6)
  3 ice beasts
  A black bear (D:8)
  2 sky beasts
  7 ogres
  A wolf (D:4)
  5 centaurs
  A crocodile (D:9)
  A big kobold (D:6)
  3 killer bees (D:5)
  Dowan (D:4)
  4 howler monkeys
  3 wights (D:7)
  A centaur zombie (D:3)
  4 crimson imps
  A quasit (D:4)
  A bullfrog zombie (D:5)
  2 jellies (D:6)
  A bullfrog skeleton (D:3)
  5 hounds
  5 orc priests
  Ijyb (D:3)
  3 iguanas
  11 orc wizards
  3 worker ants
  A hound skeleton (D:5)
  A howler monkey zombie (D:6)
  2 worker ant zombies
  9 adders
  A shadow imp (D:6)
  An adder zombie (D:5)
  An adder skeleton (D:7)
  3 worms (D:3)
  A dart slug (D:2)
  A leopard gecko (D:4)
  43 orcs
  3 bats
  3 bat zombies (D:9)
  2 goblins
  10 hobgoblins
  7 jackals
  3 quokkas (D:3)
  2 frilled lizards
  A jackal skeleton (D:4)
  12 kobolds
  A quokka skeleton (D:5)
  4 rats
  A rat zombie (D:9)
201 creatures vanquished.

Notes
Turn   | Place    | Note
-------+----------+-------------------------------------------
     0 | D:1      | Revguard the Sand Dwarf Venom Mage began the quest for the
                  | Orb.
     0 | D:1      | Reached XP level 1. HP: 14/14 MP: 3/3
   458 | D:1      | Reached XP level 2. HP: 22/22 MP: 0/5
   469 | D:1      | Reached skill level 1 in Fighting
   522 | D:1      | Learned a level 2 spell: Poisonous Vapours
  1290 | D:2      | Reached skill level 1 in Armour
  1290 | D:2      | Reached XP level 3. HP: 15/28 MP: 2/6
  1301 | D:2      | Reached skill level 1 in Maces & Flails
  1378 | D:2      | Learned a level 3 spell: Ignite Poison
  1785 | D:2      | Reached XP level 4. HP: 35/35 MP: 0/7
  2033 | D:3      | Noticed a centaur
  2042 | D:3      | Killed a centaur
  2042 | D:3      | Reached skill level 1 in Fire Magic
  2042 | D:3      | Reached XP level 5. HP: 36/41 MP: 0/8
  2110 | D:3      | Reached skill level 1 in Air Magic
  2204 | D:3      | Noticed Ijyb
  2225 | D:3      | Reached skill level 2 in Maces & Flails
  2238 | D:3      | Killed Ijyb
  2238 | D:3      | Reached XP level 6. HP: 50/50 MP: 1/9
  2271 | D:3      | Learned a level 4 spell: Olgreb's Toxic Radiance
  2354 | D:3      | Found a corrupted altar of Lugonu.
  2893 | D:3      | Found a sacrificial altar of Ru.
  2991 | D:4      | Found Umimuc's Food Emporium.
  3017 | D:4      | Found Yteabrufo's Antique Armour Emporium.
  3018 | D:4      | Found Paruy's General Store.
  3018 | D:4      | Found Budenerio's Jewellery Emporium.
  3045 | D:4      | Reached skill level 3 in Maces & Flails
  3045 | D:4      | Reached XP level 7. HP: 24/57 MP: 0/11
  3163 | D:4      | Reached skill level 1 in Evocations
  3229 | D:4      | Reached skill level 4 in Maces & Flails
  3288 | D:4      | Noticed Dowan
  3307 | D:4      | Killed Dowan
  3362 | D:4      | Found a radiant altar of Vehumet.
  3385 | D:4      | Noticed Duvessa
  3399 | D:4      | Killed Duvessa
  3561 | D:4      | Reached XP level 8. HP: 66/66 MP: 12/12
  3589 | D:4      | Found a white marble altar of Elyvilon.
  3949 | D:4      | Reached skill level 5 in Maces & Flails
  3993 | D:5      | Entered Level 5 of the Dungeon
  4114 | D:5      | Reached skill level 5 in Armour
  4372 | D:5      | Found a hazy altar of Hepliaklqana.
  4450 | D:5      | Noticed a troll
  4467 | D:5      | Killed a troll
  4467 | D:5      | Reached skill level 6 in Maces & Flails
  4606 | D:5      | Reached XP level 9. HP: 6/72 MP: 0/14
  4957 | D:6      | Found Zuna Fao's Antique Armour Shop.
  4994 | D:6      | Noticed Menkaure
  5006 | D:6      | Reached skill level 7 in Maces & Flails
  5154 | D:6      | Found a shattered altar of Ashenzari.
  5306 | D:6      | Noticed a troll
  5320 | D:6      | Killed a troll
  5320 | D:6      | Reached skill level 5 in Fighting
  5320 | D:6      | Reached skill level 5 in Evocations
  5320 | D:6      | Reached skill level 8 in Maces & Flails
  5421 | D:6      | Killed Menkaure
  5720 | D:6      | Reached skill level 5 in Poison Magic
  5826 | D:6      | Learned a level 5 spell: Venom Bolt
  6231 | D:7      | Found Qemodda's Armour Boutique.
  6261 | D:7      | Reached XP level 10. HP: 83/83 MP: 16/16
  6306 | D:7      | Found a staircase to the Ecumenical Temple.
  6335 | D:7      | Reached skill level 9 in Maces & Flails
  6340 | Temple   | Entered the Ecumenical Temple
  6567 | Temple   | Became a worshipper of Warmaster Okawaru
  7083 | D:8      | Found Heqefidi's Distillery.
  7109 | D:8      | Found a staircase to the Lair.
  7285 | D:8      | Got a heavily runed scale mail
  7286 | D:8      | Identified the cursed +0 scale mail of Limoys {rF+ rC+
                  | Str+3} (You found it on level 8 of the Dungeon)
  7321 | D:8      | Reached * piety under Okawaru
  7336 | D:8      | Reached skill level 5 in Fire Magic
  7381 | D:8      | Found a snail-covered altar of Cheibriados.
  7624 | D:8      | Reached skill level 1 in Transmutations
  7866 | D:8      | Reached ** piety under Okawaru
  8342 | D:9      | Reached skill level 10 in Maces & Flails
  8451 | D:9      | Noticed Harold
  8480 | D:9      | Killed Harold
  8480 | D:9      | Reached XP level 11. HP: 38/92 MP: 1/18
  8596 | D:9      | Reached skill level 5 in Spellcasting
  8732 | D:9      | Reached *** piety under Okawaru
  8813 | D:9      | Learned a level 3 spell: Inner Flame
  8872 | D:9      | Slain by a freezing wraith

Skill      XL: |  1  2  3  4  5  6  7  8  9 10 11 |
---------------+----------------------------------+-----
Fighting       | 1 2 3 4 6 7 |  7.2
Armour         | 1 2 4 5 6 7 |  7.7
Maces & Flails | 1 2 3 4 6 8 10 | 10.3
Fire Magic     | 1 2 3 4 5 |  5.7
Air Magic      | 1 2 3 |  3.1
Spellcasting   | 3 4 5 |  5.0
Evocations     | 2 4 5 6 7 |  7.0
Dodging        | 2 3 |  3.0
Poison Magic   | 4 5 6 |  6.9
Transmutations | 1 |  1.3
Stealth        | |  1.5
Conjurations   | |  0.7

Action                   |  1- 3 |  4- 6 |  7- 9 | 10-12 || total
-------------------------+-------+-------+-------+-------++-------
Melee: Club              |    59 |       |       |       ||    59
       Mace              |       |    18 |       |       ||    18
       Flail             |       |    98 |   419 |   138 ||   655
 Cast: Sting             |    19 |    17 |     6 |     3 ||    45
       Poisonous Vapours |    12 |    21 |    46 |    49 ||   128
       Olgreb's Toxic Ra |       |     3 |    12 |     2 ||    17
       Ignite Poison     |       |     1 |    10 |    23 ||    34
Invok: Heroism           |       |       |       |     2 ||     2
Evoke: Wand              |       |       |     5 |     2 ||     7
  Use: Scroll            |     3 |     3 |     1 |     7 ||    14
       Potion            |     2 |     3 |     7 |     2 ||    14
 Stab: Invisible         |       |       |     1 |       ||     1
  Eat: Chunk             |     5 |     6 |    19 |    14 ||    44
Armor: Leather armour    |    13 |       |       |       ||    13
       Ring mail         |     8 |    20 |       |       ||    28
       Skin              |       |     3 |    63 |       ||    66
       Chain mail        |       |    29 |   209 |       ||   238
       Troll leather arm |       |       |    61 |    61 ||   122
Dodge: Dodged            |    88 |    75 |   364 |   145 ||   672
